 Dungeon Crawl Stone Soup version 0.30.1-11-g7821555f0a (webtiles) character file.

Game seed: 4105308720678723530

110 Martska the Shield-Bearer (level 4, -3/41 HPs)
             Began as a Minotaur Fighter on Dec 2, 2023.
             Slain by an orc priest
             ... wielding a +0 whip
              (4 damage)
             ... on level 3 of the Dungeon.
             The game lasted 00:01:43 (1353 turns).

Martska the Shield-Bearer (Minotaur Fighter)        Turns: 1353, Time: 00:01:45

Health: -3/41      AC: 11    Str: 23    XL:     4   Next: 61%
Magic:  3/3        EV:  8    Int:  5    God:
Gold:   103        SH:  4    Dex:  9    Spells: 3/3 levels left

rFire   . . .        a - +0 war axe
rCold   + . .        c - +0 buckler
rNeg    . . .        l - +2 chain mail {rC+}
rPois   .            (helmet restricted)
rElec   .            (no cloak)
rCorr   .            (no gloves)
SInv    .            (no boots)
Will    .....        (no amulet) Stlth
                     (no ring)
HPRegen 0.26/turn    (no ring)
MPRegen 0.08/turn

%: no passive effects
@: no status effects
A: horns 2, retaliatory headbutt
a: no special abilities


You were on level 3 of the Dungeon.
You visited 1 branch of the dungeon, and saw 3 of its levels.

You collected 103 gold pieces.

Inventory:

Hand Weapons
 a - a +0 war axe (weapon)
Armour
 b - a +0 scale mail
 c - a +0 buckler (worn)
 l - a +2 chain mail of cold resistance (worn)
Jewellery
 e - a ring of flight
 f - a +6 ring of intelligence
Scrolls
 i - a scroll of poison {unknown}
 m - 2 scrolls of identify {unknown}
 n - a scroll of fog {unknown}
 p - a scroll of immolation {unknown}
 q - a scroll of magic mapping {unknown}
Potions
 d - a potion of might
 g - a potion of haste {unknown}
 h - a potion of cancellation {unknown}
 j - a potion of berserk rage {unknown}
 k - a potion of heal wounds {unknown}
 o - a potion of flight {unknown}


   Skills:
 * Level 4.3 Fighting
 * Level 3.3 Axes
 * Level 4.3 Armour
 * Level 2.0 Dodging
 * Level 4.3 Shields


You had 3 spell levels left.
You didn't know any spells.
Your spell library contained the following spells:

 Spells                   Type           Power      Damage    Failure   Level
 Vhi's Electric Charge    Tloc/Air       0%         N/A       100%        3
 Leda's Liquefaction      Hex/Erth       0%         N/A       100%        4
 Arcjolt                  Conj/Air       0%         1d10      100%        5
 Lee's Rapid Deconstruct  Erth           0%         3d4*      100%        5
 Plasma Beam              Fire/Air       0%         2x1d11    100%        6
 Statue Form              Tmut/Erth      0%         N/A       100%        6


Dungeon Overview and Level Annotations

Branches:
Dungeon (3/15)

Altars:

Annotations:
D:3 2 transporters, thor5677's ghost, amateur HOFi


Innate Abilities, Weirdness & Mutations

You have a pair of horns on your head.
You reflexively headbutt those who attack you in melee.


Message History

You hear some strange, mumbled words.
A puff of flame appears from out of thin air!
The puff of flame hits you.
You barely miss the orc. Your headbutt misses the orc.
The orc is heavily wounded.
You miss something. You hit the orc priest. You miss the orc.
The orc hits you with a +0 war axe.
The orc priest hits you but does no damage.
The orc hits you but does no damage. Something hits you but does no damage.
The orc hits you but does no damage.
The orc priest begins to cast a cantrip, but forgets the words!
The orc priest hits you with a +0 whip. The orc hits you but does no damage.
You hear some strange, mumbled words.
Something tries to affect you, but you resist.
You feel less confused.
You slash the orc!
You kill the orc!
You miss something.
You hit the orc priest but do no damage.
You hear some strange, mumbled words.
A magic dart appears from out of thin air!
The magic dart hits you.
The orc priest looks encouraged for a moment.
You hit the orc priest but do no damage.
You headbutt the orc priest.
The orc priest is lightly wounded.
You slash the orc!
You kill the orc!
You slash something! Something hits you but does no damage.
The orc priest invokes the aid of Beogh against you.
Beogh smites you!
* * * LOW HITPOINT WARNING * * *
The orc priest looks braver for a moment.
You closely miss the orc priest. You headbutt the orc priest!
The orc priest is almost dead.
You miss something. Something hits you but does no damage.
The orc priest misses you.
The orc priest hits you but does no damage.
Something hits you but does no damage. The orc priest hits you with a +0 whip.
You die...

....# ##.###.# .!.. ....#
#......# ..#### ....###
#.#.#.# ###......
....#.####.....###......#
>...'...........##....#.#
....#.######.#..#.......#
>.....................#.#
#####.###.##...o))o.......
# #.# #.###...@{..#..[.. #
### ### ###.#>........
##### #.#.###..... #...#
#.... ..### #.### #.#...
.# #.# #...... .# #.#
......#. #.# .. ...... #.#


You could see 2 orc priests.

Vanquished Creatures
  Terence (D:2)
  3 adders
  2 orcs (D:3)
  7 ball pythons
  4 endoplasms
  6 goblins
  8 hobgoblins
  2 jackals (D:3)
  2 kobolds (D:2)
  6 quokkas
  4 bats
  A frilled lizard (D:1)
  3 rats
49 creatures vanquished.

Notes
Turn   | Place    | Note
-------+----------+-------------------------------------------
     0 | D:1      | Martska the Minotaur Fighter began the quest for the Orb.
     0 | D:1      | Reached XP level 1. HP: 19/19 MP: 0/0
   259 | D:1      | Reached XP level 2. HP: 27/27 MP: 1/1
   392 | D:1      | Reached skill level 1 in Dodging
   677 | D:2      | Reached XP level 3. HP: 33/33 MP: 2/2
   689 | D:2      | Identified the staff of fire "Nusisch" {rF+ rN++ Str-5
                  | SInv}
   723 | D:2      | Noticed Terence
   734 | D:2      | Killed Terence
   735 | D:2      | Reached XP level 4. HP: 21/40 MP: 3/3
  1215 | D:3      | Found a transporter.
  1215 | D:3      | Noticed thor5677's ghost (amateur HOFi)
  1217 | D:3      | Noticed a steam dragon
  1232 | D:3      | Found a transporter.
  1352 | D:3      | HP: 1/41 [orc priest/divine providence (12)]
  1353 | D:3      | Slain by an orc priest

Illustrated notes

Levels and vault maps discovered:
D:1:      dpeg_arrival_boxes_within_box, layout_loops_cross
D:2:      layout_basic, uniq_terence
D:3:      layout_basic, zin_angel, gammafunk_ghost_arena

Skill      XL: |  1  2  3  4 |
---------------+-------------+-----
Dodging        | 1 2 |  2.0
Fighting       | 4 |  4.3
Armour         | 4 |  4.3
Shields        | 4 |  4.3
Axes           | 3 |  3.3

Action                     |  1- 3 |  4- 6 || total
---------------------------+-------+-------++-------
  Melee: War axe           |    54 |    40 ||    94
         Headbutt          |     7 |     8 ||    15
 Armour: Scale mail        |    14 |       ||    14
         Chain mail        |       |    41 ||    41
  Dodge: Dodged            |    31 |    14 ||    45
  Block: Buckler           |    16 |     7 ||    23
